AoeStats
← jphilkill

Arena

506626914Analyzed
4v4 RM · 19d ago on Sep 14, 2026· 58m 56s· 8 players
Game mode
Random Map
Map size
Large (8 player)
Population
200
Speed
Normal
Resources
Standard
Victory
Conquest
Starting age
Dark Age
Ending age
Imperial Age
RankedLock teamsTeams togetherTeam positionsShared explorationLock speedFull tech treeHidden civsTurbo modeCheats
Victory
Defeat
🇩🇪 Byzantines · Germany
1009
+14
🇨🇭 Malay · Switzerland
985
+15
🇩🇪 Burgundians · Germany
965
+16
🇬🇧 Poles · United Kingdom
904
+20
🇨🇳 Franks · China
1021
-18
🇦🇺 Bulgarians · Australia
988
-17
🇦🇺 Britons · Australia
958
-30
🇦🇷 Bohemians · Argentina
918
-14
Captain_Spirit
11:03 Feudal Age
12:15 Double-Bit Axe
14:57 Castle Age
12:44 Horse Collar
16:58 Bow Saw
20:14 Fletching
21:59 Horse Collar
23:03 Bodkin Arrow
22:52 Crossbowman
24:45 Ballistics
24:53 Padded Archer Armor
25:10 Thumb Ring
24:56 Loom
27:39 Leather Archer Armor
31:24 Imperial Age
33:17 Chemistry
35:50 Two-Man Saw
35:06 Heavy Plow
34:59 Gold Mining
35:12 Pikeman
35:52 Squires
36:38 Arbalester
40:53 Fortified Wall
41:04 Bracer
42:25 Ring Archer Armor
45:32 Scale Mail Armor
45:42 Forging
46:55 Chain Mail Armor
48:12 Halberdier
50:08 Plate Mail Armor
Rock_aoe
10:45 Feudal Age
12:06 Double-Bit Axe
12:11 Horse Collar
14:39 Castle Age
12:40 Horse Collar
14:22 Forging
15:37 Bow Saw
16:25 Loom
22:13 Man-at-Arms
24:52 Fletching
25:48 Heavy Plow
27:04 Scale Mail Armor
27:10 Gold Mining
28:20 Iron Casting
28:00 Long Swordsman
28:26 Arson
28:45 Squires
28:46 Bodkin Arrow
29:11 Chain Mail Armor
29:21 Stone Mining
30:45 Szlachta Privileges
31:30 Wheelbarrow
30:40 Loom
30:43 Town Watch
31:34 Scale Barding Armor
32:36 Stone Shaft Mining
32:33 Hand Cart
32:22 Town Patrol
36:56 Imperial Age
35:41 Crossbowman
36:26 Thumb Ring
36:57 Two-Handed Swordsman
38:42 Blast Furnace
37:12 Arbalester
39:02 Chemistry
38:22 Ballistics
38:08 Champion
39:24 Conscription
39:25 Padded Archer Armor
39:26 Bracer
39:33 Arbalester
41:37 Murder Holes
41:25 Treadmill Crane
42:09 Leather Archer Armor
42:26 Plate Mail Armor
42:25 Capped Ram
49:00 Elite Skirmisher
53:25 Masonry
53:21 Siege Engineers
54:01 Redemption
57:51 Chain Barding Armor
58:01 Crop Rotation
57:55 Cavalier
58:45 Bloodlines
58:35 Husbandry
57:57 Light Cavalry
SwissMilk
10:45 Feudal Age
15:06 Castle Age
13:36 Double-Bit Axe
15:28 Horse Collar
19:48 Wheelbarrow
20:07 Gold Mining
23:35 Hand Cart
25:34 Heavy Plow
29:43 Imperial Age
28:16 Gold Shaft Mining
28:47 Forging
28:32 Elite Karambit Warrior
28:55 Capped Ram
30:56 Iron Casting
33:21 Blast Furnace
45:57 Squires
45:42 Arson
jphilkill
1:07 Loom
11:53 Feudal Age
10:10 Double-Bit Axe
17:36 Castle Age
16:25 Bow Saw
16:37 Horse Collar
18:11 Wheelbarrow
18:44 Gold Mining
18:47 Stone Mining
20:22 Heavy Plow
23:45 Hand Cart
24:15 Gold Shaft Mining
23:49 Pikeman
25:57 Scale Mail Armor
28:31 Forging
28:37 Chain Mail Armor
30:32 Fortified Wall
32:03 Crop Rotation
33:03 Scale Barding Armor
34:27 Two-Man Saw
34:04 Stone Shaft Mining
39:21 Imperial Age
38:42 Iron Casting
37:30 Cavalier
38:40 Chain Barding Armor
41:11 Plate Mail Armor
40:04 Halberdier
41:46 Conscription
41:40 Paladin
42:21 Husbandry
45:17 Blast Furnace
46:22 Elite Skirmisher
48:04 Chemistry
47:25 Ballistics
46:56 Fletching
47:07 Padded Archer Armor
48:55 Leather Archer Armor
48:36 Bodkin Arrow
49:17 Plate Barding Armor
51:05 Bracer
56:14 Squires
58:49 Light Cavalry
Battosai
0:45 Loom
11:14 Feudal Age
11:40 Double-Bit Axe
11:37 Horse Collar
12:56 Wheelbarrow
20:48 Castle Age
19:35 Scale Mail Armor
19:46 Forging
20:37 Town Watch
20:54 Pikeman
21:36 Squires
21:56 Bow Saw
22:15 Heavy Plow
23:38 Chain Mail Armor
23:58 Iron Casting
24:45 Fervor
28:14 Hand Cart
34:05 Wagenburg Tactics
35:32 Caravan
38:13 Chemistry
37:34 Ballistics
41:19 Imperial Age
39:37 Town Patrol
40:16 Fletching
41:01 Iron Casting
40:21 Fletching
41:25 Houfnice
43:19 Conscription
44:28 Guilds
44:47 Fortified Wall
44:42 Siege Engineers
44:18 Treadmill Crane
45:30 Heavy Scorpion
46:44 Bodkin Arrow
47:51 Blast Furnace
46:49 Murder Holes
47:05 Masonry
46:36 Treadmill Crane
48:25 Bracer
48:26 Padded Archer Armor
49:00 Plate Mail Armor
53:10 Halberdier
55:06 Two-Man Saw
53:46 Elite Skirmisher
57:55 Padded Archer Armor
Socom
12:13 Feudal Age
11:05 Loom
16:56 Castle Age
16:37 Double-Bit Axe
16:34 Horse Collar
17:52 Bow Saw
20:00 Wheelbarrow
25:20 Town Watch
30:00 Imperial Age
27:59 Scale Mail Armor
28:10 Forging
29:24 Chain Mail Armor
29:45 Iron Casting
30:20 Gambesons
30:36 Squires
30:22 Arson
31:04 Conscription
31:23 Bagains
32:32 Plate Mail Armor
33:20 Blast Furnace
46:00 Onager
火枪
10:25 Feudal Age
14:44 Castle Age
12:54 Double-Bit Axe
20:53 Bow Saw
21:55 Wheelbarrow
22:08 Gold Mining
28:19 Imperial Age
27:48 Gold Shaft Mining
27:04 Stone Mining
27:21 Scale Barding Armor
27:26 Forging
27:15 Loom
28:12 Chain Barding Armor
28:04 Fortified Wall
28:24 Husbandry
29:00 Iron Casting
28:47 Cavalier
30:03 Plate Barding Armor
30:29 Blast Furnace
30:18 Hand Cart
29:48 Town Watch
31:03 Chivalry
31:23 Conscription
31:08 Paladin
33:01 Town Patrol
34:37 Fletching
35:16 Scale Mail Armor
36:16 Chain Mail Armor
36:40 Hoardings
37:18 Light Cavalry
42:10 Elite Throwing Axeman
56:49 Bodkin Arrow
SlayQueen
14:08 Feudal Age
18:51 Castle Age
16:45 Double-Bit Axe
16:44 Horse Collar
17:10 Stone Mining
17:26 Gold Mining
18:46 Loom
19:40 Wheelbarrow
20:34 Bow Saw
21:19 Heavy Plow
24:17 Fletching
24:56 Bodkin Arrow
31:23 Imperial Age
29:40 Murder Holes
30:32 Scale Barding Armor
30:28 Padded Archer Armor
30:39 Forging
31:54 Leather Archer Armor
31:38 Pikeman
32:04 Gambesons
32:52 Conscription
32:48 Scale Mail Armor
35:01 Ring Archer Armor
34:02 Crossbowman
36:29 Conscription
39:05 Fortified Wall
39:28 Arbalester
41:18 Elite Longbowman
42:58 Iron Casting
43:55 Hand Cart
45:14 Bracer
47:05 Hoardings
46:20 Man-at-Arms
47:02 Squires
48:12 Chain Mail Armor
49:43 Two-Man Saw
49:49 Blast Furnace
48:27 Elite Skirmisher
52:28 Long Swordsman
53:55 Plate Mail Armor
54:13 Two-Handed Swordsman
56:30 Ballistics
Connection lost

Rejoining the realm…

Still unreachable

The connection could not be restored.

Session expired

The server has moved on; the page needs a fresh start.